 Dungeon Crawl Stone Soup version 0.32-a0-411-g744942f433 (webtiles) character file.

Game seed: 13159431001430885224

5516 ezpacito the Chopper (level 10, -4/111 (114) HPs)
             Began as a Demonspawn Chaos Knight on Feb 20, 2024.
             Was a Plaything of Xom.
             Killed from afar by a laughing skull (15 damage)
             ... with a bolt of negative energy
             ... on level 8 of the Dungeon.
             The game lasted 00:13:42 (5906 turns).

ezpacito the Chopper (Demonspawn Chaos Knight)      Turns: 5906, Time: 00:13:45

HP:   -4/111 (114)  AC: 29    Str: 14    XL:     10   Next: 43%
MP:   0/15          EV:  2    Int: 16    God:    Xom [..*...]
Gold: 360           SH:  0    Dex: 14    Spells: 1/15 levels left

rFire   + . .        a - +0 hand axe (chaos)
rCold   + . .        (no shield)
rNeg    . . .        F - melded +1 crystal plate armour
rPois   +            z - melded +2 helmet {Int+3}
rElec   +            (cloak currently unavailable)
rCorr   +            (gloves unavailable)
SInv    .            (boots currently unavailable)
Will    +....        w - amulet of regeneration
Stlth   +            x - ring of willpower
HPRegen 1.18/turn    f - +4 ring of protection
MPRegen 0.14/turn

%: no passive effects
@: mighty, agile, on fire, tree-form (expiring), resistant, on berserk cooldown,
very slightly contaminated, hasted and slowed, glowing, lightly drained
A: stationary, stasis, torment immunity, boosted hp, (claws 3), repulsion field
1, powered by pain 1, (spiny 2), clever 1
a: Renounce Religion


You were on level 8 of the Dungeon.
You worshipped Xom.
You were a toy of Xom.
You were a tree.
You visited 2 branches of the dungeon, and saw 9 of its levels.

You collected 419 gold pieces.
You spent 59 gold pieces at shops.

Inventory:

Hand Weapons
 a - a +0 hand axe of chaos (weapon)
 q - a +1 vampiric broad axe
Missiles
 y - 14 poisoned darts (quivered)
 D - 5 boomerangs
 H - 4 darts of dispersal
Armour
 b - a +2 leather armour
 z - a +2 helmet of intelligence (melded)
 F - a +1 crystal plate armour (melded)
Magical Staves
 v - a staff of alchemy
Jewellery
 e - a ring of protection from cold
 f - a +4 ring of protection (right branch)
 t - a ring of wizardry
 w - an amulet of regeneration (around neck)
 x - a ring of willpower (left branch)
Talismans
 g - a blade talisman
 k - a beast talisman
Wands
 i - a wand of polymorph (6)
 E - a wand of light (6)
 I - a wand of flame (23)
Scrolls
 d - a scroll of vulnerability
 n - a scroll of noise
 r - 2 scrolls of fog
 s - a scroll of revelation
 u - a scroll of enchant weapon
 A - 2 scrolls of blinking
 C - a scroll of immolation
Potions
 h - 2 potions of brilliance
 B - 2 potions of curing


   Skills:
 * Level 5.9 Fighting
 * Level 7.4 Axes
 + Level 2.5 Staves
 * Level 5.2 Armour
 * Level 3.7 Dodging
 * Level 3.6 Stealth
 * Level 3.4 Unarmed Combat
 * Level 3.3 Spellcasting
 * Level 3.5 Conjurations
 * Level 1.3 Hexes
 * Level 1.8 Summonings
 * Level 3.3 Necromancy
 * Level 3.3 Alchemy
 * Level 3.0 Evocations


You had one spell level left.
You knew the following spells:

 Your Spells              Type           Power      Damage    Failure   Level
a - Mephitic Cloud        Conj/Alch/Air  10%        N/A       22%         3
b - Necrotise             Necr           52%        1d6       4%          1
c - Vampiric Draining     Necr           13%        2d6       14%         3
d - Martyr's Knell        Necr/Summ      10%        N/A       52%         4
e - Dazzling Flash        Conj/Hex       20%        N/A       21%         3

Your spell library contained the following spells:

 Spells                   Type           Power      Damage    Failure   Level
 Static Discharge         Conj/Air       16%        3-4/arc   13%         2
 Volatile Blastmotes      Fire/Tloc      4%         2d10      47%         3
 Leda's Liquefaction      Alch/Erth      4%         N/A       65%         4
 Summon Lightning Spire   Summ/Air       5%         N/A       77%         4
 Curse of Agony           Necr           13%        N/A       77%         5
 Airstrike                Air            1%         2d(1-17)  87%         4
 Silence                  Hex/Air        2%         N/A       98%         5
 Lee's Rapid Deconstruct  Erth           1%         3d4*      99%         5
 Bombard                  Conj/Erth      4%         9d2       100%        6
 Starburst                Conj/Fire      4%         6d3       100%        6
 Maxwell's Capacitive Co  Air            1%         ∞         100%        8


Dungeon Overview and Level Annotations

Branches:
Dungeon (8/15)             Temple (1/1) D:7
   Lair: D:8-11

Altars:
Ashenzari
Dithmenos
Fedhas
Gozag
Hepliaklqana
Kikubaaqudgha
Nemelex Xobeh
Okawaru
Qazlal
Sif Muna
Trog
Uskayaw
Vehumet
Wu Jian
Xom
Yredelemnul

Shops:
D:5 *   D:6 :


Innate Abilities, Weirdness & Mutations

You are a tree.
Your roots penetrate the ground, keeping you stationary.
You cannot be teleported.
You are immune to unholy pain and torment.
Your maximum health is greatly increased.
Your equipment is partially melded.
((You have claws for hands.))
You are surrounded by a mild repulsion field. (EV +2)
You sometimes gain a little power by taking damage.
((You are mostly covered in sharp spines.))
Your mind is acute. (Int +4, Str/Dex -1)


Message History

The warg bites you but does no damage. The warg bites you.
* * * LOW HITPOINT WARNING * * *
Casting: Vampiric Draining (dangerous; 14% risk of failure)
Confirm with . or Enter, or press ? or * to list all spells.
Aiming: Vampiric Draining (dangerous; 14% risk of failure)
Press: ? - help, Shift-Dir - straight line, f/p - warg
Aim: a warg (heavily wounded)
You draw life force from the warg!
You feel life coursing into your body. The liquid fire burns you!
* * * LOW HITPOINT WARNING * * *
The warg bites you but does no damage.
Casting: Vampiric Draining (dangerous; 14% risk of failure)
Confirm with . or Enter, or press ? or * to list all spells.
Aiming: Vampiric Draining (dangerous; 14% risk of failure)
Press: ? - help, Shift-Dir - straight line, f/p - warg
Aim: a warg (almost dead)
You miscast Vampiric Draining.
You are very lightly contaminated with residual magic.
Nothing appears to happen.
The liquid fire burns you!
* * * LOW HITPOINT WARNING * * *
The warg stops to sniff the ground.
The warg bites you.
* * * LOW HITPOINT WARNING * * *
The warg bites you but does no damage.
Casting: Vampiric Draining (dangerous; 14% risk of failure)
Confirm with . or Enter, or press ? or * to list all spells.
Aiming: Vampiric Draining (dangerous; 14% risk of failure)
Press: ? - help, Shift-Dir - straight line, f/p - warg
Aim: a warg (severely wounded)
You draw life force from the warg!
You kill the warg!
You feel life coursing into your body. The liquid fire burns you!
* * * LOW HITPOINT WARNING * * *
The laughing skull cackles spitefully.
The bolt of negative energy hits you!
You feel drained.
You die...
The laughing skull crumbles to pieces from sheer joy.
Xom is highly amused!

.##.#.#.#.#.###....[###..##.
..##.#†#.#.###.....##.......
..##.#.#.###.#####.##..####
...###)####. #? ##.##.# # #.#
#..#.#.##. ##.#.#
#.###.##.#.#. #.#.#
##<##.(##.+9. ##'[####
###.....###.#z# #.#(....
#...........#♣## ##.#.##.#
#.#..)####..##.## ##.##[##.#
#.##.[.......##.#####.##..[#.#
# #.)))......##.....##..#.#.#
#............###'###..##.#..
#.#.##....##..........##....
#.#.##.#.#####.....#.###..§≈
#.#.##..........>...###)^≈§≈
..#.###.. #####.........≈§≈§


You could see a gargoyle and a laughing skull.

Vanquished Creatures
  A two-headed ogre (D:8)
  A deep elf pyromancer (D:8)
  An unseen horror (D:5)
  A hornet (D:8)
  3 vampire mosquitoes (D:8)
  A fire bat (D:8)
  A warg (shapeshifter) (D:8)
  A steam dragon (D:6)
  An acid dragon (D:7)
  A water moccasin (D:8)
  2 ice beasts
  2 orc warriors
  2 black bears
  4 sky beasts
  3 ogres
  A phantom (D:4)
  Blork the orc (D:5)
  4 bullfrogs
  2 gnoll sergeants
  6 wights
  2 howler monkeys (D:7)
  A bombardier beetle (D:4)
  A lava snake (D:8)
  5 orc priests
  6 hounds
  3 jellies
  A sleepcap (D:3)
  4 iguanas
  12 orc wizards
  7 adders
  8 gnolls
  A shadow imp (D:6)
  2 ufetubi (D:6)
  2 dart slugs (D:2)
  21 orcs
  5 endoplasms
  2 giant cockroaches
  7 goblins
  7 hobgoblins
  2 jackals (D:5)
  5 quokkas
  5 ball pythons
  3 bats (D:3)
  A frilled lizard (D:1)
  6 kobolds
  An orc zombie (D:6)
  6 rats
165 creatures vanquished.

Vanquished Creatures (collateral kills)
  2 gnolls (D:8)
  An endoplasm (D:1)
3 creatures vanquished.

Grand Total: 168 creatures vanquished

Notes
Turn   | Place    | Note
-------+----------+-------------------------------------------
     0 | D:1      | ezpacito the Demonspawn Chaos Knight began the quest for
                  | the Orb.
     0 | D:1      | Reached XP level 1. HP: 18/18 MP: 1/1
   176 | D:1      | Reached skill level 1 in Dodging
   270 | D:1      | Gained mutation: You are surrounded by a mild repulsion
                  | field. (EV +2) [demonic ancestry]
   270 | D:1      | Reached XP level 2. HP: 24/24 MP: 2/2
   333 | D:1      | Reached skill level 3 in Axes
   524 | D:1      | XOM: silly message
   638 | D:1      | XOM: silly message
   985 | D:2      | Gained mutation: You are partially covered in sharp spines.
                  | [demonic ancestry]
   985 | D:2      | Reached XP level 3. HP: 21/29 MP: 3/3
  1090 | D:2      | XOM: silly message
  1203 | D:2      | Learned a level 3 spell: Mephitic Cloud
  1454 | D:2      | Found a faded altar of an unknown god.
  1537 | D:2      | Gained mutation: You have sharp fingernails. [demonic
                  | ancestry]
  1537 | D:2      | Reached XP level 4. HP: 35/35 MP: 5/5
  1646 | D:2      | XOM: god gift: book of Spectacle
  1747 | D:2      | XOM: scenery: summon butterflies
  1832 | D:3      | Reached skill level 1 in Spellcasting
  1863 | D:3      | Found a blossoming altar of Fedhas.
  1911 | D:3      | Reached skill level 1 in Unarmed Combat
  1933 | D:3      | Gained mutation: You sometimes gain a little power by
                  | taking damage. [demonic ancestry]
  1933 | D:3      | Reached XP level 5. HP: 41/41 MP: 6/6
  2109 | D:3      | Found a basalt altar of Yredelemnul.
  2224 | D:4      | Reached skill level 1 in Stealth
  2267 | D:4      | Noticed a phantom
  2269 | D:4      | XOM: divination: detect creatures
  2277 | D:4      | Killed a phantom
  2278 | D:4      | Reached skill level 4 in Axes
  2278 | D:4      | Reached skill level 1 in Alchemy
  2278 | D:4      | Gained mutation: You have very sharp fingernails. [demonic
                  | ancestry]
  2278 | D:4      | Reached XP level 6. HP: 47/48 MP: 7/7
  2308 | D:4      | Learned a level 1 spell: Necrotise
  2318 | D:4      | Learned a level 3 spell: Vampiric Draining
  2403 | D:4      | Reached skill level 1 in Staves
  2403 | D:4      | Reached skill level 1 in Conjurations
  2439 | D:4      | XOM: butterfly on damage
  2467 | D:4      | Gained mutation: You have claws for hands. [demonic
                  | ancestry]
  2467 | D:4      | Reached XP level 7. HP: 25/54 MP: 9/9
  2496 | D:4      | Found a hazy altar of Hepliaklqana.
  2945 | D:5      | Entered Level 5 of the Dungeon
  2945 | D:5      | Found Peuleos's General Store.
  2948 | D:5      | Bought a potion of degeneration for 13 gold pieces
  2948 | D:5      | Bought 4 darts of dispersal for 46 gold pieces
  2996 | D:5      | XOM: confuse monster(s)
  3006 | D:5      | Reached skill level 1 in Necromancy
  3107 | D:5      | Noticed Blork the orc
  3122 | D:5      | Killed Blork the orc
  3163 | D:5      | XOM: potion effect (might)
  3168 | D:5      | Reached skill level 1 in Evocations
  3307 | D:5      | XOM: silly message
  3387 | D:5      | XOM: divination: magic mapping
  3460 | D:5      | Reached skill level 5 in Axes
  3673 | D:5      | Gained mutation: You are mostly covered in sharp spines.
                  | [demonic ancestry]
  3673 | D:5      | Reached XP level 8. HP: 61/61 MP: 11/11
  3708 | D:5      | Killed an unseen horror
  3862 | D:6      | Found a hide-covered altar of Uskayaw.
  3879 | D:6      | Found Julixucy's Book Emporium.
  3899 | D:6      | XOM: enchant monster (good)
  3912 | D:6      | XOM: swap monsters
  4001 | D:6      | XOM: 4-stop teleportation journey
  4022 | D:6      | XOM: torment (32/61 hp)
  4225 | D:6      | XOM: confusion
  4226 | D:6      | Reached skill level 6 in Axes
  4241 | D:6      | Reached skill level 5 in Fighting
  4241 | D:6      | Reached XP level 9. HP: 35/68 MP: 12/12
  4689 | D:7      | XOM: chaos cloud
  4721 | D:7      | Found a staircase to the Ecumenical Temple.
  4760 | Temple   | Entered the Ecumenical Temple
  4776 | D:7      | XOM: give mutations
  4776 | D:7      | Gained mutation: You have hidden genetic potential. [Xom's
                  | mischief]
  4776 | D:7      | Gained mutation: You occasionally lose the ability to read
                  | scrolls when taking damage. [Xom's mischief]
  4776 | D:7      | Lost mutation: You have hidden genetic potential. [Xom's
                  | mischief]
  4777 | D:7      | Lost mutation: You occasionally lose the ability to read
                  | scrolls when taking damage. [potion of mutation]
  4777 | D:7      | Gained mutation: You occasionally lose the ability to drink
                  | potions when taking damage. [potion of mutation]
  4777 | D:7      | Gained mutation: Your system is resistant to poisons.
                  | (rPois) [potion of mutation]
  4778 | D:7      | Lost mutation: You occasionally lose the ability to drink
                  | potions when taking damage. [potion of mutation]
  4778 | D:7      | Lost mutation: Your system is resistant to poisons. (rPois)
                  | [potion of mutation]
  4778 | D:7      | Gained mutation: Your mind is acute. (Int +4, Str/Dex -1)
                  | [potion of mutation]
  4778 | D:7      | Gained mutation: A frigid envelope surrounds you and
                  | freezes all who hurt you. [potion of mutation]
  4778 | D:7      | Lost mutation: A frigid envelope surrounds you and freezes
                  | all who hurt you. [potion of mutation]
  4786 | D:7      | XOM: stat loss: -1 Str (13/14)
  4807 | D:7      | Found a radiant altar of Vehumet.
  4815 | D:7      | Found a bloodstained altar of Trog.
  4828 | D:7      | XOM: noise
  4834 | D:7      | XOM: polymorph centaur -> acid dragon
  4921 | D:7      | Learned a level 4 spell: Martyr's Knell
  5007 | D:7      | XOM: 3-stop teleportation journey
  5031 | D:7      | Found a shimmering altar of Xom.
  5093 | D:7      | XOM: confuse monster(s)
  5249 | D:8      | XOM: 1-stop teleportation journey
  5369 | D:8      | XOM: silly message
  5421 | D:8      | Learned a level 3 spell: Dazzling Flash
  5460 | D:8      | Reached skill level 1 in Summonings
  5564 | D:8      | Reached skill level 7 in Axes
  5595 | D:8      | Reached XP level 10. HP: 67/74 MP: 14/14
  5717 | D:8      | Noticed a two-headed ogre
  5736 | D:8      | Killed a two-headed ogre
  5737 | D:8      | Reached skill level 5 in Armour
  5737 | D:8      | Reached skill level 1 in Hexes
  5862 | D:8      | Noticed a deep elf pyromancer
  5863 | D:8      | Noticed a gargoyle
  5895 | D:8      | Killed a deep elf pyromancer
  5906 | D:8      | Killed from afar by a laughing skull

Illustrated notes

Levels and vault maps discovered:
D:1:      dpeg_arrival_rooms_c, layout_basic, nicolae_hexahallways
D:2:      layout_loops_ring, shapermc_ecumenical_altar_petra,
          skrybe_limestone_x, st_stairs_12
D:3:      layout_rooms, mainiacjoe_overflow_catwalk, fedhas_altar_1,
          minmay_pentomino_pile
D:4:      layout_loops_cross, nzn_hepliaklqana_mist_gate, minmay_statues_item,
          minmay_misc_feat_hallway, st_stairs_11
D:5:      minmay_chambers_of_fours, layout_loops_cross, serial_shops,
          nicolae_stop_n_shop_1, minmay_misc_feat_doors, uniq_blork_the_orc
D:6:      layout_loops_ring, lemuel_round_altar, serial_shops, shop,
          kennysheep_cross_room, minmay_misc_feat_encased, st_stairs_3
D:7:      layout_gridville, mainiacjoe_overflow_big_doors,
          mainiacjoe_overflow_alcove_1, minmay_temple_entry_wispy
D:8:      minmay_the_grid_octo_triangle [minmay_the_grid_octo_clover_2,
          minmay_the_grid_octo_prize_big_c, minmay_the_grid_octo_checkered],
          layout_loops_ring, grunt_decor_junction
Temple:   minmay_temple_bridge_abc

Skill      XL: |  1  2  3  4  5  6  7  8  9 10 |
---------------+-------------------------------+-----
Dodging        | 1 2 3 |  3.7
Axes           | 3 4 5 6 7 |  7.4
Armour         | 2 3 4 5 |  5.2
Spellcasting   | 1 2 3 |  3.3
Unarmed Combat | 1 2 3 |  3.4
Stealth        | 1 2 3 |  3.6
Alchemy        | 1 2 3 |  3.3
Staves         | 1 2 |  2.5
Conjurations   | 1 2 3 |  3.5
Fighting       | 4 5 |  5.9
Necromancy     | 1 2 3 |  3.3
Evocations     | 1 2 3 |  3.0
Summonings     | 1 |  1.8
Hexes          | 1 |  1.3

Action                     |  1- 3 |  4- 6 |  7- 9 | 10-12 || total
---------------------------+-------+-------+-------+-------++-------
  Melee: Hand axe          |    70 |    98 |   258 |    70 ||   496
   Cast: Vampiric Draining |       |       |       |     4 ||     4
  Evoke: Wand              |       |       |       |     1 ||     1
    Use: Scroll            |       |     5 |    16 |     4 ||    25
         Potion            |       |     2 |     6 |    11 ||    19
   Stab: Paralysed         |     1 |       |       |     1 ||     2
         Sleeping          |       |     1 |       |       ||     1
         Confused          |       |     1 |     6 |       ||     7
         Petrifying        |       |     1 |       |       ||     1
         Held in net/web   |       |       |     1 |       ||     1
 Armour: Leather armour    |    37 |    53 |       |       ||    90
         Crystal plate arm |       |       |   338 |    76 ||   414
         Skin              |       |       |       |    29 ||    29
  Dodge: Dodged            |    37 |    65 |    41 |    13 ||   156

Table legend: (Time is in decaauts)
 A = Elapsed time spent in this place.
 B = Non-inter-level travel time spent in this place.
 C = Inter-level travel time spent in this place.
 D = Time resting spent in this place.
 E = Time spent auto-exploring this place.
 F = Levels seen in this place.
 G = Mean time per level.
                   A        B        C        D        E       F      G
               +--------+--------+--------+--------+--------+-----+--------+
         Total |   5920 |   5666 |    254 |      0 |   4460 |   9 |  657.8 |
       Dungeon |   5918 |   5665 |    253 |      0 |   4460 |   8 |  739.8 |
        Temple |      1 |      1 |      0 |      0 |      0 |   1 |    1.0 |
               +--------+--------+--------+--------+--------+-----+--------+

Top non-repeatable levels by time:
     D:1: 964 daAuts
     D:5: 900 daAuts
     D:2: 838 daAuts
     D:6: 815 daAuts
     D:4: 735 daAuts
     D:8: 663 daAuts
     D:7: 573 daAuts
     D:3: 427 daAuts
  Temple: 1 daAuts
